 Dungeon Crawl Stone Soup version 0.29-a0-344-ge2f44be95a (webtiles) character file.

Game seed: 6885336552080086925

45 Ijustatesigmund the Conjurer (level 3, 0/19 HPs)
             Began as a Deep Elf Conjurer on Apr 22, 2022.
             Slain by Crazy Yiuf
             ... wielding a +4 quarterstaff of chaos
              (6 damage)
             ... on level 2 of the Dungeon.
             The game lasted 00:02:59 (2033 turns).

Ijustatesigmund the Conjurer (Deep Elf Conjurer)    Turns: 2033, Time: 00:02:59

Health: 0/19       AC:  3    Str:  4    XL:     3   Next: 42%
Magic:  6/10       EV: 12    Int: 24    God:
Gold:   139        SH:  0    Dex: 13    Spells: 7/10 levels left

rFire   . . .      SeeInvis .   e - +0 short sword (elec)
rCold   . . .      Faith    .   (no shield)
rNeg    . . .      Spirit   .   a - +0 robe
rPois   .          Reflect  .   (no helmet)
rElec   .          Harm     .   i - +0 cloak
rCorr   .          Rampage  .   (no gloves)
Will    .....                   (no boots)
Stlth   ++........              (no amulet)
HPRegen 0.06/turn               (no ring)
MPRegen 0.12/turn               (no ring)

@: no status effects
A: no striking features
a: no special abilities


You were on level 2 of the Dungeon.
You visited 1 branch of the dungeon, and saw 2 of its levels.

You collected 139 gold pieces.

Inventory:

Hand Weapons
 e - a +0 short sword of electrocution (weapon)
Armour
 a - a +0 robe (worn)
 i - a +0 cloak (worn)
Magical Staves
 d - a staff of earth
 g - a staff of air
Scrolls
 j - a scroll of teleportation
Potions
 b - a potion of magic
 c - a potion of brilliance {unknown}
 f - a potion of degeneration {unknown}
 h - a potion of cancellation {unknown}


   Skills:
 - Level 2.4 Dodging
 - Level 2.4 Stealth
 + Level 4.2 Spellcasting
 + Level 5.1 Conjurations


You had 7 spell levels left.
You knew the following spells:

 Your Spells              Type           Power      Damage    Failure   Level
a - Magic Dart            Conj           100%       1d8       1%          1
b - Searing Ray           Conj           60%        2d6       1%          2

Your spell library contained the following spells:

 Spells                   Type           Power      Damage    Failure   Level
 Dazzling Flash           Conj/Hex       34%        N/A       10%         3
 Fulminant Prism          Conj/Hex       8%         3d7       32%         4
 Iskenderun's Mystic Bla  Conj/Tloc      17%        2d5       32%         4


Dungeon Overview and Level Annotations

Branches:
Dungeon (2/15)

Altars:
Dithmenos

Annotations:
D:2 Crazy Yiuf


Message History

The fungus is lightly damaged.
You hit the fungus. Lightning courses through the fungus!
The fungus is lightly damaged.
You hit the fungus. Lightning courses through the fungus!
The fungus is moderately damaged.
You hit the fungus.
The fungus is moderately damaged.
A nearby fungus withers and dies.
You hit the fungus.
The fungus begins to die.
The fungus is lightly damaged.
You hit the fungus.
The fungus is lightly damaged.
You hit the fungus.
The fungus is lightly damaged.
You hit the fungus. Lightning courses through the fungus!!
The fungus is lightly damaged.
You hit the fungus.
The fungus is lightly damaged.
A nearby fungus withers and dies.
Okay, then.
Found a mace.
Found a runed translucent door.
Unknown command.
You open the door.
Casting: Magic Dart (safe; 1% risk of failure)
Confirm with . or Enter, or press ? or * to list all spells.
Aiming: Searing Ray (safe; 1% risk of failure)
Press: ? - help, Shift-Dir - straight line, f - Crazy Yiuf
Aim: Crazy Yiuf, wielding a +4 quarterstaff of chaos and wearing a +1 cloak of preservation (82% to hit)
The searing ray hits Crazy Yiuf.
Crazy Yiuf is moderately wounded. (Press . to maintain the ray.)
The searing ray hits Crazy Yiuf.
Crazy Yiuf is heavily wounded.
Crazy Yiuf hits you with a +4 quarterstaff of chaos!
Ouch! That really hurt!
The searing ray hits Crazy Yiuf.
Crazy Yiuf is severely wounded.
Crazy Yiuf cries, "Adder!
Defame head pontify."
Crazy Yiuf hits you with a +4 quarterstaff of chaos.
You die...

#.####..##
###^. #.#
#....# #....
########.#
#PP.## #....
#.......##
#.P.#
######....
#.######.#
##.##
##...###...
###.# ####.#
#.##
##..#......#
....###....#
##.#
#†..........
...........#
#.##
#.......#.##
#######....#
##@#
#.......#.##
####.# *#g#*
##.....##.##
#.# *...*
##.........
## #.# #...#
##..#####.
.# ########
#..)# #..#
##. .#
#......#
##### #..#
#.. .#
#.######
#..# #.. .#
#.#
#########
#..####.. .#
#.#
#..#.##.#
#.......<


You could see Crazy Yiuf.

Vanquished Creatures
  A worm (D:2)
  A dart slug (D:1)
  4 endoplasms
  2 giant cockroaches
  2 goblins
  3 hobgoblins
  6 kobolds
  4 quokkas
  4 ball pythons
  4 bats
  A frilled lizard (D:2)
  5 rats
37 creatures vanquished.

Vanquished Creatures (others)
  2 fungi (D:2)
2 creatures vanquished.

Grand Total: 39 creatures vanquished

Notes
Turn   | Place    | Note
-------+----------+-------------------------------------------
     0 | D:1      | Ijustatesigmund the Deep Elf Conjurer began the quest for
                  | the Orb.
     0 | D:1      | Reached XP level 1. HP: 10/10 MP: 6/6
   167 | D:1      | Found a faded altar of an unknown god.
   261 | D:1      | Reached XP level 2. HP: 15/15 MP: 1/8
   264 | D:1      | Learned a level 2 spell: Searing Ray
  1009 | D:2      | Found a shadowy altar of Dithmenos.
  1108 | D:2      | Reached skill level 5 in Conjurations
  1108 | D:2      | Reached XP level 3. HP: 19/19 MP: 8/10
  2026 | D:2      | Found a runed translucent door.
  2027 | D:2      | Noticed Crazy Yiuf
  2033 | D:2      | Slain by Crazy Yiuf

Illustrated notes

Levels and vault maps discovered:
D:1:      dpeg_arrival_short_road, layout_loops_ring, basic_ecumenical_altar,
          minmay_misc_feat_encased
D:2:      layout_loops_ring, basic_altar, uniq_crazy_yiuf_cottage

Skill      XL: |  1  2 |
---------------+-------+-----
Spellcasting   | 4 |  4.2
Conjurations   | 5 |  5.1
Dodging        | |  2.4
Stealth        | |  2.4

Action                   || total
-------------------------++-------
Melee: Short sword       ||    16
       Punch             ||     1
 Cast: Magic Dart        ||    58
       Searing Ray       ||     1
  Use: Scroll            ||     6
 Stab: Sleeping          ||     2
Dodge: Dodged            ||     4

Table legend: (Time is in decaauts)
 A = Elapsed time spent in this place.
 B = Non-inter-level travel time spent in this place.
 C = Inter-level travel time spent in this place.
 D = Time resting spent in this place.
 E = Time spent auto-exploring this place.
 F = Levels seen in this place.
 G = Mean time per level.
                   A        B        C        D        E       F      G
               +--------+--------+--------+--------+--------+-----+--------+
         Total |   2033 |   2013 |     20 |    169 |   1612 |   2 | 1016.5 |
       Dungeon |   2033 |   2013 |     20 |    169 |   1612 |   2 | 1016.5 |
               +--------+--------+--------+--------+--------+-----+--------+

Top non-repeatable levels by time:
     D:2: 1024 daAuts
     D:1: 1008 daAuts
